 Dungeon Crawl Stone Soup version 0.17-a0-2002-g92c7e20 (webtiles) character file.

103022 derrpe the Devastator (level 15, -1/115 HPs)
             Began as a Mummy Fire Elementalist on Oct 7, 2015.
             Was the Champion of Sif Muna.
             Slain by a merfolk
             ... wielding a +0 trident
              (7 damage)
             ... on level 2 of the Shoals on Oct 9, 2015.
             The game lasted 02:51:06 (49358 turns).

derrpe the Devastator (Mummy Fire Elementalist)    Turns: 49358, Time: 02:51:06

Health: -1/115     AC: 18    Str: 11    XL:     15   Next: 87%
Magic:  14/34      EV:  6    Int: 27    God:    Sif Muna [******]
Gold:   1934       SH:  0    Dex:  6    Spells: 7 memorised, 1 level left

rFire  + . .     SeeInvis .     a - +0 spear of Fear {vamp, +Inv rF++ Dex-5 Stlth+}
rCold  + . .     Clarity  .     t - +7 leather armour of Oblivion {rPois Dex-2 Slay+4}
rNeg   + + +     SustAt   .     Q - +2 buckler {reflect}
rPois  ∞         Gourm    .     C - +1 hat {MR+}
rElec  .         Spirit   .     I - +2 cloak
rCorr  .         Warding  .     y - +0 pair of gloves
rMut   .         Stasis   .     S - +2 pair of boots
MR     ++...                    x - amulet of regeneration
Stlth  ++........               z - +6 ring of intelligence
                                V - ring of magical power

@: held, very resistant to hostile enchantments, unstealthy
A: no food or potions, fire vulnerability, cold resistance 1, negative energy
resistance 3, torment resistance, unbreathing, in touch with death 1, restore
body
a: Self-Restoration, Channel Energy, Forget Spell, Renounce Religion, Evoke
Invisibility


You were on level 2 of the Shoals.
You worshipped Sif Muna.
Sif Muna was exalted by your worship.
You were not hungry.

You visited 5 branches of the dungeon, and saw 26 of its levels.
You also visited: Bailey.

You collected 3483 gold pieces.
You spent 1549 gold pieces at shops.

Inventory:

Hand Weapons
 a - the +0 spear of Fear (weapon) {vamp, +Inv rF++ Dex-5 Stlth+}
   (You bought it in a shop on level 4 of the Orcish Mines)

   It inflicts no extra harm, but heals its wielder somewhat when it strikes a
   living foe.
   It affects your dexterity (-5).
   It greatly protects you from fire.
   It lets you turn invisible.
   It makes you more stealthy.
 b - the +7 mace of War {crush, *Corrode rElec Int+3}
   (You bought it in a shop on level 4 of the Orcish Mines)

   It inflicts extra damage upon your enemies.
   It affects your intelligence (+3).
   It insulates you from electricity.
   It may corrode your equipment when you take damage.
 w - a +0 short sword of electrocution
 B - a +1 eveningstar of flaming
 G - the +2 morningstar of Chance {crush, Dex+2 SInv}
   (You bought it in a shop on level 4 of the Orcish Mines)

   It inflicts extra damage upon your enemies.
   It affects your dexterity (+2).
   It lets you see invisible.
Missiles
 k - 6 javelins (quivered)
Armour
 t - the +7 leather armour of Oblivion (worn) {rPois Dex-2 Slay+4}
   (You found it on level 8 of the Dungeon)

   It affects your dexterity (-2).
   It affects your accuracy and damage with ranged weapons and melee attacks
   (+4).
   It protects you from poison.
 y - a +0 pair of gloves (worn)
 C - a +1 hat of magic resistance (worn)
 I - a +2 cloak (worn)
 Q - a +2 buckler of reflection (worn)
 S - a +2 pair of boots (worn)
Jewellery
 f - an uncursed ring of protection from fire
 r - an uncursed ring of see invisible
 x - an amulet of regeneration (around neck)
 z - a +6 ring of intelligence (right hand)
 H - an uncursed ring of protection from cold
 V - a ring of magical power (left hand)
Wands
 i - a wand of paralysis (3)
 l - a wand of slowing (23)
 n - a wand of fire (9)
 s - a wand of polymorph (2)
 u - a wand of cold (0)
 v - a wand of fireball (8)
 A - a wand of slowing (36)
 T - a wand of slowing (12)
 U - a wand of draining (14)
Scrolls
 c - 4 scrolls of identify
 d - 14 scrolls of remove curse
 e - 3 scrolls of fog
 p - 4 scrolls of enchant armour
 q - 2 scrolls of recharging
 D - 6 scrolls of amnesia
 M - a scroll of silence
Books
 g - a book of Flames

   Spells                             Type                      Level
   a - Flame Tongue                   Conjuration/Fire             1
   b - Throw Flame                    Conjuration/Fire             2
   c - Conjure Flame                  Conjuration/Fire             3
   d - Inner Flame                    Hexes/Fire                   3
   e - Sticky Flame                   Conjuration/Fire             4
   f - Fireball                       Conjuration/Fire             5
 j - a book of the Sky

   Spells                             Type                      Level
   a - Summon Lightning Spire         Summoning/Air                4
   b - Airstrike                      Air                          4
   c - Silence                        Hexes/Air                    5
   d - Deflect Missiles               Charms/Air                   6
   e - Conjure Ball Lightning         Conjuration/Air              6
   f - Tornado                        Air                          9
 o - a book of the Dragon

   Spells                             Type                      Level
   a - Flame Tongue                   Conjuration/Fire             1
   b - Cause Fear                     Hexes                        4
   c - Bolt of Fire                   Conjuration/Fire             6
   d - Dragon Form                    Transmutation                7
   e - Dragon's Call                  Summoning                    9
 F - Sif Muna's Tome of Battle Magic
   (Sif Muna gifted it to you on level 5 of the Lair of Beasts)

   Spells                             Type                      Level
   a - Magic Dart                     Conjuration                  1
   b - Searing Ray                    Conjuration                  2
   c - Orb of Destruction             Conjuration                  7
 J - Esesosm's Beginning Course on Spellcasting
   (You found it on level 7 of the Lair of Beasts)

   Spells                             Type                      Level
   a - Shock                          Conjuration/Air              1
   b - Sandblast                      Earth                        1
   c - Freeze                         Ice                          1
   d - Summon Butterflies             Summoning                    1
   e - Apportation                    Translocation                1
 K - a book of Envenomations

   Spells                             Type                      Level
   a - Spider Form                    Transmutation/Poison         3
   b - Alistair's Intoxication        Transmutation/Poison         4
   c - Olgreb's Toxic Radiance        Poison                       4
   d - Poisonous Cloud                Conjuration/Poison/Air       6
 L - a book of Beasts

   Spells                             Type                      Level
   a - Summon Butterflies             Summoning                    1
   b - Call Canine Familiar           Summoning                    3
   c - Summon Ice Beast               Ice/Summoning                4
   d - Summon Mana Viper              Hexes/Summoning              5
   e - Summon Hydra                   Summoning                    7
 N - a Young Poisoner's Handbook

   Spells                             Type                      Level
   a - Sting                          Conjuration/Poison           1
   b - Cure Poison                    Poison                       2
   c - Mephitic Cloud                 Conjuration/Poison/Air       3
   d - Olgreb's Toxic Radiance        Poison                       4
   e - Venom Bolt                     Conjuration/Poison           5
 W - Sif Muna's Handbook of Destructive Heat
   (Sif Muna gifted it to you on level 3 of the Snake Pit)

   Spells                             Type                      Level
   a - Inner Flame                    Hexes/Fire                   3
   b - Sticky Flame                   Conjuration/Fire             4
   c - Bolt of Fire                   Conjuration/Fire             6
   d - Delayed Fireball               Conjuration/Fire             7
Miscellaneous
 O - a stone of tremors (inert)
 P - a phial of floods (inert)


   Skills:
 - Level 10.0 Fighting
 - Level 8.6 Dodging
 - Level 1.5 Stealth
 - Level 2.0 Shields
 - Level 7.0 Spellcasting
 * Level 15.0 Conjurations
 - Level 12.0 Fire Magic
 - Level 7.0 Invocations


You had one spell level left.
You knew the following spells:

 Your Spells              Type           Power        Failure   Level  Hunger
a - Flame Tongue          Conj/Fire      #####        1%          1    N/A
b - Sting                 Conj/Pois      ####         1%          1    N/A
c - Sticky Flame          Conj/Fire      ######..     1%          4    N/A
d - Fireball              Conj/Fire      ######....   1%          5    N/A
e - Bolt of Fire          Conj/Fire      ######....   8%          6    N/A
f - Conjure Flame         Conj/Fire      ######..     1%          3    N/A
g - Orb of Destruction    Conj           ######....   21%         7    N/A

Dungeon Overview and Level Annotations

Branches:
Dungeon (9/15)             Temple (0/1) D:6            Lair (8/8) D:8
 Shoals (2/4) Lair:4        Snake (3/4) Lair:4        Slime (0/6) Lair:8
    Orc (4/4) D:9             Elf (0/3) Orc:3

Altars:
Dithmenos
Nemelex Xobeh
Okawaru
Qazlal
Sif Muna
Zin
Beogh

Shops:
D:6 *   D:7 %%   D:8 (   Orc:2 *   Orc:4 ([*}[

Annotations:
Shoals:2 Donald
Snake:3 Azrael


Innate Abilities, Weirdness & Mutations

You do not eat or drink.
Your flesh is vulnerable to fire.
You are immune to poison.
Your flesh is cold resistant.
You are immune to negative energy.
You are immune to unholy pain and torment.
You can survive without breathing.
You are in touch with the powers of death.
You can restore your body by infusing magical energy.


Message History

The hippogriff claws you but does no damage.
Donald says, "If you wanted to read so much, why didn't you become a librarian?"
Donald hits you with a scimitar of draining!
* * * LOW HITPOINT WARNING * * *
The merfolk hits you but does no damage.
Unknown command.
Read which item? (? for menu, Esc to quit)
Okay, then.
Evoke which item? (* to show all) (? for menu, Esc to quit)
The dungeon trembles and rubble falls from the walls!
The falling rubble hits the plant.
The plant is lightly damaged.
The falling rubble hits the plant.
The plant is lightly damaged.
The plant falls through a shaft! x2
The merfolk falls through a shaft!
The rubble rises up and takes form.
You hear a bellow! x2
The sea snake completely misses you.
The merfolk hits you from afar with a trident!
You die...

.≈≈≈≈≈≈≈≈...≈≈≈
≈≈≈≈≈≈≈≈≈§...≈≈≈
≈≈≈≈≈≈..P.......
≈≈≈≈≈....≈≈≈....
≈≈≈≈P..P.)≈≈...≈
≈≈≈≈P.P≈mm≈≈...≈
≈≈≈≈≈§§@§......≈
≈≈≈≈≈PH@§)≈≈...≈
P≈≈≈≈P§§SE≈≈≈..≈
PP§P≈.§§§≈≈≈≈≈.≈
PP.....≈≈≈≈≈≈≈≈≈
P......≈≈≈≈E≈≈≈≈
.####...>#.#..≈≈
##...# #...≈
#...( ..≈ .....
≈≈


You could see Donald, a sea snake, 2 merfolk, a hippogriff, a friendly earth
elemental and a friendly water elemental.

Vanquished Creatures
  2 krakens (Shoals:1)
  Gastronok (Lair:3)
  3 greater nagas
  An orc warlord (Orc:4)
  Nessos (Lair:5)
  Snorg (Lair:5)
  A fire dragon (Lair:8)
  10 hydras
  A naga warrior (Snake:1)
  3 anacondas
  A merfolk aquamancer (Shoals:1)
  A queen ant (Lair:5)
  9 shock serpents
  3 naga sharpshooters
  Urug (Lair:1)
  2 sea snakes (Shoals:1)
  2 naga ritualists (Snake:2)
  3 orc knights (Bailey)
  A hill giant (D:9)
  3 griffons
  5 mana vipers
  2 manticores
  2 water nymphs (Shoals:1)
  21 black mambas
  5 naga magi
  5 elephants
  3 sirens (Shoals:1)
  Joseph (D:7)
  3 salamanders
  An eye of devastation (Lair:8)
  10 spiny frogs
  11 komodo dragons
  2 merfolk (Shoals:2)
  10 polar bears
  3 trolls
  6 fire drakes
  Grinder (D:4)
  Prince Ribbit (D:9)
  20 blink frogs
  A boulder beetle (Lair:7)
  A snapping turtle (Shoals:1)
  2 raiju (Lair:8)
  A spriggan (D:8)
  Sigmund (D:4)
  3 wyverns
  5 water elementals (Shoals:1)
  40 yaks
  4 basilisks
  3 fire bats (Orc:1)
  A hungry ghost (D:7)
  4 vampire mosquitoes (Lair:4)
  8 hippogriffs
  9 wargs
  15 water moccasins
  2 steam dragons
  A mottled dragon (Lair:8)
  Edmund (D:4)
  18 nagas
  26 wolves
  10 porcupines
  7 soldier ants (Lair:5)
  46 orc warriors
  Duvessa (D:5)
  12 black bears (Lair:8)
  2 swamp drakes (Lair:8)
  3 hell hounds (Lair:8)
  An ice beast (Lair:1)
  11 ogres
  2 phantoms (D:8)
  2 sky beasts
  20 crocodiles
  3 eyes of draining
  18 giant frogs
  2 centaurs
  Blork the orc (D:4)
  2 big kobolds
  A gnoll sergeant (D:7)
  Dowan (D:5)
  5 scorpions
  5 killer bees (D:8)
  3 wights (D:9)
  A quasit (D:8)
  3 giant frog zombies
  5 crimson imps
  2 wasp zombies (D:6)
  3 jellies
  Jessica (D:3)
  25 orc priests
  15 hounds
  12 iguanas
  23 orc wizards
  23 worker ants
  A killer bee zombie (D:7)
  15 sheep
  A worker ant zombie (D:7)
  A hound skeleton (D:3)
  Robin (D:2)
  17 gnolls
  15 adders
  79 river rats
  3 shadow imps
  An adder skeleton (D:8)
  4 worms
  3 giant geckos
  193 orcs
  10 bats
  7 giant cockroaches
  7 hobgoblins
  2 quokkas
  A giant gecko skeleton (D:6)
  4 giant newts
  20 goblins
  19 jackals
  24 kobolds
  A quokka skeleton (D:7)
  14 rats
  A fungus (Lair:4)
  3 plants
  4 tentacles (Shoals:1)
  A tentacle segment (Shoals:1)
1031 creatures vanquished.

Vanquished Creatures (collateral kills)
  A warg (Lair:8)
1 creature vanquished.

Vanquished Creatures (others)
  A fire drake (Lair:8)
  An orc (Orc:1)
  42 fungi
  54 plants
  10 tentacles (Shoals:1)
  483 tentacle segments (Shoals:1)
  6 toadstools (Lair:7)
597 creatures vanquished.

Grand Total: 1629 creatures vanquished

Notes
Turn   | Place    | Note
--------------------------------------------------------------
     0 | D:1      | derrpe the Mummy Fire Elementalist began the quest for the Orb.
     0 | D:1      | Reached XP level 1. HP: 13/13 MP: 3/3
   106 | D:1      | Reached skill level 1 in Conjurations
   488 | D:1      | Reached XP level 2. HP: 4/19 MP: 0/5
  1483 | D:1      | Reached XP level 3. HP: 18/24 MP: 1/6
  1974 | D:2      | Noticed Robin
  2377 | D:2      | Learned a level 3 spell: Conjure Flame
  2464 | D:2      | Reached XP level 4. HP: 30/30 MP: 4/7
  2708 | D:2      | Reached skill level 3 in Fire Magic
  2868 | D:2      | Killed Robin
  3332 | D:2      | Reached XP level 5. HP: 4/35 MP: 0/8
  4137 | D:3      | Noticed Jessica
  4143 | D:3      | Killed Jessica
  5015 | D:4      | Noticed Grinder
  5162 | D:3      | Learned a level 4 spell: Sticky Flame
  5199 | D:4      | Reached skill level 4 in Conjurations
  5592 | D:4      | Reached XP level 6. HP: 41/41 MP: 6/9
  5722 | D:4      | Noticed Blork the orc
  6029 | D:4      | Noticed Edmund
  6329 | D:4      | Killed Blork the orc
  6488 | D:5      | Entered Level 5 of the Dungeon
  6684 | D:5      | Noticed Duvessa
  6685 | D:5      | Noticed Dowan
  7208 | D:3      | Reached XP level 7. HP: 38/46 MP: 8/10
  7262 | D:4      | Killed Edmund
  7262 | D:4      | Reached skill level 5 in Conjurations
  7746 | D:4      | Noticed Sigmund
  7977 | D:5      | Reached skill level 5 in Fire Magic
  8250 | D:5      | Reached skill level 6 in Conjurations
  8637 | D:5      | Killed Duvessa
  8637 | D:5      | Reached XP level 8. HP: 46/52 MP: 4/11
  8681 | D:5      | Killed Dowan
  8978 | D:4      | Paralysed by Grinder for 5 turns
  8987 | D:4      | Killed Grinder
  9419 | D:4      | Killed Sigmund
  9419 | D:4      | Reached skill level 7 in Conjurations
 10063 | D:5      | Found an iron altar of Okawaru.
 10162 | D:5      | Found a glowing silver altar of Zin.
 11112 | D:6      | Found a deep blue altar of Sif Muna.
 11145 | D:6      | Became a worshipper of Sif Muna the Loreminder
 11452 | D:6      | Reached XP level 9. HP: 42/57 MP: 8/12
 11829 | D:6      | Found Mopsarilun's General Store.
 12462 | D:6      | Found a staircase to the Ecumenical Temple.
 12533 | D:6      | Found a sparkling altar of Nemelex Xobeh.
 12546 | D:6      | Found a shadowy altar of Dithmenos.
 13308 | D:7      | Acquired Sif Muna's first power
 13633 | D:7      | Reached skill level 8 in Conjurations
 14250 | D:7      | Found Qoupepp's Food Shop.
 14478 | D:7      | Found a stormy altar of Qazlal.
 14496 | D:7      | Noticed Joseph
 14654 | D:7      | Found Wureoluu's Food Shop.
 14661 | D:7      | Acquired Sif Muna's second power
 15574 | D:7      | Killed Joseph
 15940 | D:8      | Got a diamond-encrusted leather armour
 15944 | D:8      | Reached XP level 10. HP: 63/63 MP: 9/13
 15984 | D:8      | Identified the +7 leather armour of Oblivion {rPois Dex-2 Slay+4} (You found it on level 8 of the Dungeon)
 15997 | D:8      | Learned a level 5 spell: Fireball
 16046 | D:8      | Reached skill level 9 in Conjurations
 16171 | D:8      | Found a staircase to the Lair.
 16368 | D:8      | Found Qixt's Weapon Boutique.
 16516 | D:8      | Reached skill level 1 in Fighting
 18053 | D:9      | Found a staircase to the Orcish Mines.
 18195 | Lair:1   | Entered Level 1 of the Lair of Beasts
 18231 | Lair:1   | Noticed Urug
 18455 | D:9      | Noticed a hill giant
 18466 | D:9      | Killed a hill giant
 18948 | D:9      | Noticed Prince Ribbit
 18971 | D:9      | Killed Prince Ribbit
 20083 | Lair:1   | Killed Urug
 20083 | Lair:1   | Acquired Sif Muna's third power
 20083 | Lair:1   | Reached skill level 1 in Invocations
 20083 | Lair:1   | Reached XP level 11. HP: 41/75 MP: 0/16
 21082 | Lair:1   | Noticed a seven-headed hydra
 21143 | Lair:1   | Killed a seven-headed hydra
 22696 | Lair:2   | Reached skill level 10 in Fire Magic
 22930 | Lair:3   | Reached skill level 5 in Fighting
 22934 | Lair:3   | Noticed Gastronok
 23345 | Lair:3   | Reached skill level 5 in Dodging
 23409 | Lair:3   | Reached skill level 5 in Invocations
 23594 | Lair:3   | Killed Gastronok
 23594 | Lair:3   | Reached skill level 10 in Conjurations
 23594 | Lair:3   | Reached XP level 12. HP: 43/86 MP: 1/18
 24544 | Lair:3   | Learned a level 6 spell: Bolt of Fire
 24832 | Lair:3   | Noticed a four-headed hydra
 24861 | Lair:3   | Killed a four-headed hydra
 25654 | Lair:4   | Noticed a five-headed hydra
 25658 | Lair:4   | Killed a five-headed hydra
 26070 | Lair:4   | Got a polished leather armour
 26074 | Lair:4   | Identified the cursed +1 leather armour of Recie {rC+ Str+2} (You found it on level 4 of the Lair of Beasts)
 26681 | Lair:4   | Found a staircase to the Shoals.
 27367 | Lair:4   | Found a staircase to the Snake Pit.
 28286 | Lair:5   | Gained mutation: You are in touch with the powers of death. [Mummy growth]
 28286 | Lair:5   | Gained mutation: You can restore your body by infusing magical energy. [Mummy growth]
 28286 | Lair:5   | Reached XP level 13. HP: 85/95 MP: 15/19
 28344 | Lair:5   | Reached skill level 11 in Fire Magic
 28578 | Lair:5   | Received a gift from Sif Muna
 28677 | Lair:5   | Identified Sif Muna's Tome of Battle Magic (Sif Muna gifted it to you on level 5 of the Lair of Beasts)
 28682 | Lair:5   | Noticed Snorg
 28696 | Lair:5   | Killed Snorg
 28875 | Lair:5   | Noticed Nessos
 28889 | Lair:5   | Killed Nessos
 28914 | Lair:5   | Noticed a seven-headed hydra
 29279 | Lair:5   | Noticed an eight-headed hydra
 29297 | Lair:5   | Killed an eight-headed hydra
 29557 | Lair:5   | Noticed an eight-headed hydra
 29565 | Lair:5   | Killed an eight-headed hydra
 30576 | Lair:5   | Killed a seven-headed hydra
 32876 | Lair:7   | Identified Esesosm's Beginning Course on Spellcasting (You found it on level 7 of the Lair of Beasts)
 34023 | Lair:8   | Entered Level 8 of the Lair of Beasts
 34041 | Lair:7   | Reached skill level 12 in Fire Magic
 34286 | Lair:8   | Received a gift from Sif Muna
 34410 | Lair:8   | Reached XP level 14. HP: 89/106 MP: 1/20
 34506 | Lair:8   | Upgraded the game from 0.17-a0-1996-gd2c0ec8 to 0.17-a0-2002-g92c7e20
 35655 | Lair:8   | Found a staircase to the Slime Pits.
 37128 | Orc:1    | Entered Level 1 of the Orcish Mines
 37296 | Orc:1    | Found a flagged portal.
 37313 | Bailey   | Entered a bailey
 37865 | Orc:1    | Learned a level 1 spell: Sting
 38343 | Orc:2    | Found Poalibol's Practical Paraphernalia.
 38498 | Orc:2    | Bought an uncursed ring of protection from fire for 325 gold pieces
 38639 | Orc:3    | Found a staircase to the Elven Halls.
 38684 | Orc:3    | Found a roughly hewn altar of Beogh.
 39298 | Orc:4    | Entered Level 4 of the Orcish Mines
 39332 | Orc:4    | Found a roughly hewn altar of Beogh.
 39395 | Orc:4    | Found Genyerirr's Gadget Shop.
 39503 | Orc:4    | Found a roughly hewn altar of Beogh.
 39580 | Orc:4    | Found Waenlamo's General Store.
 40452 | Orc:4    | Noticed an orc warlord
 41004 | Orc:4    | Killed an orc warlord
 41052 | Orc:4    | Found Xitzucho's Antique Armour Boutique.
 41053 | Orc:4    | Found a roughly hewn altar of Beogh.
 41054 | Orc:4    | Found Japepson's Antique Weapon Shop.
 41067 | Orc:4    | Bought a scorched mace for 224 gold pieces
 41067 | Orc:4    | Identified the +7 mace of War {crush, *Corrode rElec Int+3} (You bought it in a shop on level 4 of the Orcish Mines)
 41068 | Orc:4    | Bought a bone spear for 224 gold pieces
 41068 | Orc:4    | Bought an ichor-stained morningstar for 252 gold pieces
 41068 | Orc:4    | Identified the +0 spear of Fear {vamp, +Inv rF++ Dex-5 Stlth+} (You bought it in a shop on level 4 of the Orcish Mines)
 41070 | Orc:4    | Identified the cursed +2 morningstar of Chance {crush, Dex+2 SInv} (You bought it in a shop on level 4 of the Orcish Mines)
 41167 | Orc:4    | Found a roughly hewn altar of Beogh.
 41179 | Orc:4    | Found a roughly hewn altar of Beogh.
 41291 | Orc:4    | Found a roughly hewn altar of Beogh.
 41296 | Orc:4    | Reached skill level 13 in Conjurations
 41320 | Orc:4    | Found Pegiton's Armour Shop.
 41325 | Orc:4    | Bought a +2 buckler of reflection for 277 gold pieces
 41840 | Lair:8   | Reached skill level 1 in Shields
 43861 | Orc:4    | Bought a +2 pair of boots for 247 gold pieces
 44180 | Snake:1  | Entered Level 1 of the Snake Pit
 44190 | Snake:1  | Reached skill level 10 in Fighting
 44721 | Snake:1  | Received a gift from Sif Muna
 44721 | Snake:1  | Reached XP level 15. HP: 106/115 MP: 5/21
 44727 | Snake:1  | Identified Sif Muna's Almanac of Confrontation and Air (Sif Muna gifted it to you on level 1 of the Snake Pit)
 46192 | Snake:2  | Reached skill level 5 in Spellcasting
 46381 | Snake:2  | Reached skill level 14 in Conjurations
 47253 | Snake:2  | Noticed a greater naga
 47547 | Snake:2  | Killed a greater naga
 47572 | Snake:2  | Noticed a greater naga
 47590 | Snake:2  | Killed a greater naga
 47623 | Snake:3  | Noticed a greater naga
 47634 | Snake:3  | Killed a greater naga
 47634 | Snake:3  | Received a gift from Sif Muna
 47635 | Snake:3  | Identified Sif Muna's Handbook of Destructive Heat (Sif Muna gifted it to you on level 3 of the Snake Pit)
 48077 | Snake:3  | Noticed Azrael
 48207 | Shoals:1 | Entered Level 1 of the Shoals
 48242 | Shoals:1 | Identified the Guide on Doomed Moulding
 48387 | Shoals:1 | Noticed a kraken
 48401 | Shoals:1 | Killed a kraken
 48419 | Shoals:1 | Learned a level 7 spell: Orb of Destruction
 48789 | Shoals:1 | Noticed a kraken
 48911 | Shoals:1 | Killed a kraken
 48911 | Shoals:1 | Reached skill level 15 in Conjurations
 49352 | Shoals:2 | Noticed Donald
 49358 | Shoals:2 | Slain by a merfolk

Vault maps used:
D:1:      dpeg_arrival_windows_large_door, minmay_ruptured
D:2:      first_bread, minivault_23, uniq_robin
D:3:      uniq_jessica
D:4:      uniq_blork_the_orc, uniq_sigmund, uniq_grinder, uniq_edmund
D:5:      nicolae_overflow_hidden_temple, uniq_duvessa
D:6:      kennysheep_mini_moat, lemuel_round_altar, minmay_temple_entry_fiery,
          serial_shops, shop_statue, nicolae_dithmenos_through_a_glass_darkly
D:7:      grunt_qazlal_sundering, serial_shops, kennysheep_mini, shop,
          nicolae_water_bricks, minmay_misc_feat_rows, uniq_joseph
D:8:      minmay_weird_star, lair_0_dummy, serial_shops, shop, the_bakery,
          hangedman_decor_points
D:9:      orc_0_dummy, uniq_prince_ribbit1
Lair:1:   uniq_urug
Lair:3:   infiniplex_staircase_pool_2, uniq_gastronok
Lair:4:   minmay_shoals_entry_beasts, minmay_snake_entry_guardpost_medium, pond
Lair:5:   st_stairs_3, zaba_antful_of_joy, uniq_snorg, uniq_nessos
Lair:7:   gammafunk_lair_enchanted_lake, minmay_lair_drake_nest,
          infiniplex_staircase_pool
Lair:8:   guppyfry_lair_end_dragon, hangedman_lair_caniforms_friends,
          minmay_slime_entry_eyes, patterned_corridor, serial_bayou_shore_b
Shoals:2: serial_shops, shop_coins, nicolae_shoals_mertower, uniq_polyphemus,
          uniq_donald
Snake:3:  st_stairs_12, serial_bayou_shore_a, uniq_azrael, uniq_wiglaf,
          uniq_nikola
Orc:1:    nicolae_volcano_entry_batcave, enter_bailey_7
Orc:2:    nicolae_alphabet_shops
Orc:3:    basic_altar, nicolae_orc_pool_cavern, mines2_lemuel
Orc:4:    grunt_orc_community_town_hall, grunt_orc_community_big_house_1,
          grunt_orc_community_big_house_2, grunt_orc_community_house_3,
          grunt_orc_community_house_2, grunt_orc_community_house_2,
          grunt_orc_community_house_2, serial_shops, nicolae_shop_stone,
          basic_altar
Bailey:   bailey_polearm_4, bailey

Action                   |  1- 3 |  4- 6 |  7- 9 | 10-12 | 13-15 || total
-------------------------+-------+-------+-------+-------+-------++-------
Melee: Unarmed           |     2 |       |       |       |       ||     2
       Dagger            |     2 |    48 |       |       |       ||    50
       Short sword       |       |       |    27 |    68 |     4 ||    99
       Spear             |       |       |       |       |    22 ||    22
       Mace              |       |       |       |       |     1 ||     1
 Fire: Shortbow          |       |       |    95 |    89 |    50 ||   234
Throw: Javelin           |       |       |       |       |     1 ||     1
 Cast: Flame Tongue      |    86 |   136 |   310 |   332 |   231 ||  1095
       Conjure Flame     |       |     2 |    15 |    36 |    22 ||    75
       Sticky Flame      |       |     1 |    17 |   110 |   231 ||   359
       Fireball          |       |       |       |    74 |   221 ||   295
       Bolt of Fire      |       |       |       |       |   118 ||   118
       Sting             |       |       |       |       |   262 ||   262
Invok: Channel Energy    |       |       |    20 |   216 |   822 ||  1058
Evoke: Wand              |       |       |       |     4 |    49 ||    53
       Stone of tremors  |       |       |       |       |     2 ||     2
       Phial of floods   |       |       |       |       |     2 ||     2
  Use: Scroll            |       |    11 |     4 |    10 |    15 ||    40
 Stab: Sleeping          |       |     1 |       |       |       ||     1
       Paralysed         |       |       |       |       |     5 ||     5
